 Dungeon Crawl Stone Soup version 0.29.0-15-g675c0067aa (webtiles) character file.

Game seed: 6404951629403876949

60 experimilk the Cudgeller (level 3, -1/31 HPs)
             Began as a Palentonga Abyssal Knight on Sept 11, 2022.
             Was a Priest of Lugonu.
             Killed from afar by Sigmund (7 damage)
             ... with a puff of flame
             ... on level 2 of the Dungeon.
             The game lasted 00:06:21 (1897 turns).

experimilk the Cudgeller (PaAK)                     Turns: 1897, Time: 00:06:21

Health: -1/31      AC:  4    Str: 20    XL:     3   Next: 80%
Magic:  4/4        EV:  9    Int: 10    God:    Lugonu [***...]
Gold:   39         SH:  0    Dex: 10    Spells: 1/2 levels left

rFire   . . .      SeeInvis +   a - +1 mace
rCold   . . .      Faith    .   (no shield)
rNeg    . . .      Spirit   .   b - +0 leather armour
rPois   .          Reflect  .   (no helmet)
rElec   .          Harm     .   (no cloak)
rCorr   .          Rampage  .   (no gloves)
Will    .....                   (no barding)
Stlth   +.........              (no amulet)
HPRegen 0.10/turn               (no ring)
MPRegen 0.09/turn               (no ring)

@: invisible
A: large, rugged brown scales 3, see invisible, deformed body, roll 1, armoured
tail
a: Rolling Charge, Renounce Religion, Depart the Abyss, Bend Space, Banish


You were on level 2 of the Dungeon.
You worshipped Lugonu.
Lugonu was most pleased with you.
You visited 1 branch of the dungeon, and saw 2 of its levels.
You visited the Abyss 1 time.

You collected 39 gold pieces.

Inventory:

Hand Weapons
 a - a +1 mace (weapon)
Armour
 b - a +0 leather armour (worn)
 d - a +0 chain mail
Jewellery
 g - a ring of poison resistance
Potions
 e - a potion of attraction {unknown}
 f - a potion of invisibility
 h - a potion of berserk rage {unknown}


   Skills:
 - Level 3.0 Fighting
 * Level 3.8 Maces & Flails
 - Level 1.5 Armour
 - Level 0.7 Dodging
 + Level 1.3 Hexes
 - Level 2.0 Invocations


You had one spell level left.
You knew the following spells:

 Your Spells              Type           Power      Damage    Failure   Level
a - Slow                  Hex            8%         N/A       26%         1

Your spell library contained the following spells:

 Spells                   Type           Power      Damage    Failure   Level
 Confusing Touch          Hex            2%         N/A       58%         3
 Ozocubu's Armour         Ice            0%         N/A       78%         3
 Vampiric Draining        Necr           0%         2d6       78%         3
 Metabolic Englaciation   Hex/Ice        0%         N/A       100%        5
 Simulacrum               Ice/Necr       0%         N/A       100%        6


Dungeon Overview and Level Annotations

Branches:
Dungeon (2/15)

Altars:

Annotations:
D:2 Sigmund


Innate Abilities, Weirdness & Mutations

You are completely covered in rugged brown scales. (AC +3, +7% HP)
You have supernaturally acute eyesight. (SInv)
Armour fits poorly on your strangely shaped body.
You can roll at nearby foes to attack.
You have a long armoured tail.


Message History

A rat comes into view.
Found 2 sedimented red potions.
The rat closely misses you.
You thump the rat!
You kill the rat!
Lugonu accepts your kill.
Sigmund zaps a wand.
The roots erupt in riotous growth!
The grasping roots grab you! The grasping roots constrict you.
You escape the roots grasp.
A bat comes into view.
You see here a rat corpse.
You completely miss the bat. The bat barely misses you.
Sigmund zaps a wand.
The roots erupt in riotous growth!
The grasping roots grab you! The grasping roots constrict you.
You escape the roots grasp.
The bat hits you but does no damage.
Sigmund zaps a wand.
The roots erupt in riotous growth!
The grasping roots grab you! The grasping roots constrict you.
You escape the roots grasp.
The bat barely misses you. Sigmund casts a spell at you.
The magic dart hits you!
* * * LOW HITPOINT WARNING * * *
You fade into invisibility!
The bat barely misses you.
Roll where?
Press: ? - help, Dir - move target, f - bat
Aim: a bat You roll forward with a clatter of scales!
You completely miss the bat.
Your tail-slap misses the bat.
The bat hits you but does no damage.
Unknown command.
You miss the bat. The bat hits you but does no damage. x2
You hit the bat.
The bat is severely wounded.
The bat hits you but does no damage.
Sigmund points at the bat and mumbles some strange words.
The puff of flame hits you!
You die...

###.... #...... #####
#...... ##...##
#...... ##.....##
#.... #.......# #....
#.......# #....
#..!.b).##########....
##...@°.†@....§§§####.
#.......##.....§§§§§†.
#.......########§§§##.
#.......# ###§§[.
##.....## ####.
##...## #. ##### .. #.
#.


You could see Sigmund (unable to see you) and a bat.

Vanquished Creatures
  2 adders
  2 worms (D:1)
  A dart slug (D:1)
  5 ball pythons (D:1)
  3 endoplasms (D:1)
  A giant cockroach (D:1)
  4 goblins (D:1)
  A hobgoblin (D:1)
  3 jackals (D:1)
  A quokka (D:1)
  2 bats (D:1)
  2 frilled lizards
  3 kobolds (D:1)
  5 rats
35 creatures vanquished.

Notes
Turn   | Place    | Note
-------+----------+-------------------------------------------
     0 | Abyss:1  | experimilk the Palentonga Abyssal Knight began the quest
                  | for the Orb.
     0 | Abyss:1  | Reached XP level 1. HP: 19/19 MP: 2/2
     1 | D:1      | Escaped the Abyss
   201 | D:1      | Found a faded altar of an unknown god.
   258 | D:1      | Reached XP level 2. HP: 22/25 MP: 3/3
   603 | D:1      | Learned a level 1 spell: Slow
  1027 | D:1      | Reached XP level 3. HP: 31/31 MP: 4/4
  1109 | D:2      | Noticed Sigmund
  1153 | D:1      | Reached *** piety under Lugonu
  1154 | D:1      | Reached skill level 1 in Hexes
  1897 | D:2      | Killed from afar by Sigmund

Illustrated notes

Levels and vault maps discovered:
D:1:      minmay_arrival_radiant_lines, layout_rooms,
          hellmonk_ecumenical_altar_inner_sanctum, minmay_tromino_i2
D:2:      layout_rooms, uniq_sigmund

Skill      XL: |  1  2  3 |
---------------+----------+-----
Maces & Flails | 3 |  3.8
Hexes          | 1 |  1.3
Fighting       | |  3.0
Armour         | |  1.5
Dodging        | |  0.7
Invocations    | |  2.0

Action                   || total
-------------------------++-------
Melee: Mace              ||    92
       Tailslap          ||     6
       Punch             ||     1
 Abil: Rolling Charge    ||    16
  Use: Scroll            ||     3
       Potion            ||     1
Armor: Leather armour    ||    53
Dodge: Dodged            ||    57
